 Dungeon Crawl Stone Soup version 0.18.1-48-g4cf74bf (webtiles) character file.

64871 Inkary the Tortoise (level 14, 0/127 HPs)
             Began as a Minotaur Monk on Sept 7, 2016.
             Was a High Priest of Okawaru.
             Killed by divine providence
             ... invoked by an orc high priest
              (13 damage)
             ... while paralysed by an orc sorcerer
             ... on level 2 of the Orcish Mines on Sept 9, 2016.
             The game lasted 01:28:20 (17475 turns).

Inkary the Tortoise (Minotaur Monk)                Turns: 17475, Time: 01:28:21

Health: 0/127      AC: 20    Str: 31    XL:     14   Next: 73%
Magic:  10/17      EV:  2    Int: 12    God:    Okawaru [*****.]
Gold:   1531       SH:  0    Dex: 23    Spells: 1 memorised, 12 levels left

rFire  + . .     SeeInvis .       - Unarmed
rCold  . . .     Gourm    .     K - +5 chain mail of True Grit {+Blink MR- Regen+ Str+7}
rNeg   . . .     Faith    .     (no shield)
rPois  +         Spirit   .     M - +2 hat {Int+3}
rElec  +         Dismiss  .     (no cloak)
rCorr  .         Reflect  .     q - +2 pair of gloves of Cimosuyg {rElec Str+4 Dex+3}
SustAt .         Harm     .     B - +0 pair of boots
MR     +....                    F - amulet of regeneration
Stlth  +.........               C - +3 ring of strength
                                s - ring of Mischush {MR+ Dex+3}

@: paralysed, heroism, finesse, corroded, somewhat resistant to hostile
enchantments, very unstealthy
A: retaliatory headbutt, horns 2, blink, clever 1, deformed body, fire
resistance 1, mutation resistance 1, poison resistance
a: Blink, Heroism, Finesse, Renounce Religion, Evoke Blink


You were on level 2 of the Orcish Mines.
You worshipped Okawaru.
Okawaru was extremely pleased with you.
You were hungry.

You visited 5 branches of the dungeon, and saw 24 of its levels.
You also visited: Ice Cave.

You collected 2281 gold pieces.
You spent 750 gold pieces at shops.

Inventory:

Hand Weapons
 Y - the +0 quarterstaff "Suolapsi" {drain, rPois rC+ Str+4}
   (Okawaru gifted it to you on level 7 of the Lair of Beasts)

   A truly terrible weapon, it drains the life of those it strikes.
   It affects your strength (+4).
   It protects you from cold.
   It protects you from poison.
Missiles
 p - 10 javelins of returning (quivered)
 x - a throwing net
Armour
 l - a +1 shield of cold resistance
 q - the +2 pair of gloves of Cimosuyg (worn) {rElec Str+4 Dex+3}
   (You found it in an ice cave)

   It affects your strength (+4).
   It affects your dexterity (+3).
   It insulates you from electricity.
 B - a +0 pair of boots (worn)
 E - a +2 crystal plate armour of cold resistance
 K - the +5 chain mail of True Grit (worn) {+Blink MR- Regen+ Str+7}
   (You found it on level 9 of the Dungeon)

   It affects your strength (+7).
   It affects your resistance to hostile enchantments.
   It lets you blink.
   It increases your rate of regeneration.
 M - a +2 hat of intelligence (worn)
Jewellery
 s - a ring of Mischush (left hand) {MR+ Dex+3}
   (You bought it in a shop on level 6 of the Dungeon)

   [ring of dexterity]

   It affects your dexterity (+3).
   It affects your resistance to hostile enchantments.
 y - an uncursed ring of sustain attributes
 C - a +3 ring of strength (right hand)
 F - an amulet of regeneration (around neck)
Scrolls
 e - 8 scrolls of remove curse
 f - 3 scrolls of fear
 g - 2 scrolls of enchant weapon
 m - 12 scrolls of teleportation
 n - 5 scrolls of recharging
 o - 5 scrolls of identify
 u - 3 scrolls of fog {unknown}
 w - 6 scrolls of magic mapping
 H - 2 scrolls of enchant armour
 J - a scroll of immolation {unknown}
 P - a scroll of blinking {unknown}
 S - a scroll of brand weapon {unknown}
 U - a scroll of vulnerability {unknown}
Potions
 c - 4 potions of haste
 h - 2 potions of invisibility
 i - 8 potions of curing
 j - 2 potions of agility
 k - 4 potions of heal wounds
 r - 5 potions of might
 t - 2 potions of cure mutation
 v - 2 potions of cancellation
 z - a potion of ambrosia
 A - 2 potions of magic
 G - 6 potions of flight
 I - a potion of berserk rage
Books
 N - a Grand Grimoire

   Spells                             Type                      Level
   a - Monstrous Menagerie            Summoning                    7
   b - Summon Greater Demon           Summoning                    7
   c - Malign Gateway                 Summoning/Translocation      7
   d - Summon Horrible Things         Summoning                    8
 R - a Necronomicon

   Spells                             Type                      Level
   a - Haunt                          Necromancy/Summoning         7
   b - Borgnjor's Revivification      Necromancy                   8
   c - Death's Door                   Charms/Necromancy            8
   d - Necromutation                  Transmutation/Necromancy     8
 X - a book of the Tempests

   Spells                             Type                      Level
   a - Static Discharge               Conjuration/Air              3
   b - Lightning Bolt                 Conjuration/Air              5
   c - Fireball                       Conjuration/Fire             5
   d - Tornado                        Air                          9
   e - Shatter                        Earth                        9
Miscellaneous
 D - an ornate deck of summoning {drawn: 1}
Comestibles
 a - 8 meat rations
 b - 12 bread rations
 d - 2 royal jellies
 L - 25 fruits
 O - 7 chunks of flesh
 Q - 4 slices of pizza
 V - 4 beef jerkies


   Skills:
 + Level 12.6(17.6) Fighting
 - Level 5.7(10.7) Throwing
 - Level 15.3(20.3) Armour
 - Level 12.3(17.3) Dodging
 - Level 1.5(6.5) Stealth
 + Level 9.1(14.1) Shields
 * Level 13.5(18.5) Unarmed Combat
 - Level 6.4 Invocations
 - Level 4.0 Evocations


You had 12 spell levels left.
You knew the following spells:

 Your Spells              Type           Power        Failure   Level  Hunger
a - Summon Small Mammal   Summ           #...         82%         1    ##.....


Dungeon Overview and Level Annotations

Branches:
Dungeon (12/15)            Temple (1/1) D:6            Lair (8/8) D:10
 Shoals (0/4) Lair:6       Spider (0/4) Lair:5        Slime (1/6) Lair:7
    Orc (2/2) D:11
    Elf: Orc:2

Altars:
Ashenzari
Cheibriados
Dithmenos
Elyvilon
Fedhas
Gozag
Kikubaaqudgha
Makhleb
Nemelex Xobeh
Okawaru
Pakellas
Qazlal
Ru
Sif Muna
Trog
Vehumet
Xom
Yredelemnul
Zin
The Shining One
Jiyva

Shops:
D:6 =   D:9 *   D:11 *


Innate Abilities, Weirdness & Mutations

You reflexively headbutt those who attack you in melee.
You have a pair of horns on your head.
You can translocate small distances at will.
Your mind is acute. (Int +2)
Armour fits poorly on your strangely shaped body.
Your flesh is heat resistant.
You are somewhat resistant to further mutation.
Your system is resistant to poisons.


Message History

You suddenly lose the ability to move!
The red devil hits you but does no damage.
The orc priest invokes the aid of Beogh against you.
Beogh smites you!
* * * LOW HITPOINT WARNING * * *
The orc wizard hits you but does no damage.
The orc priest calls down the wrath of Beogh upon you.
Beogh smites you!
* * * LOW HITPOINT WARNING * * *
The orc sorcerer hits you but does no damage.
The red devil hits you from afar with a demon trident!
* * * LOW HITPOINT WARNING * * *
An orc warrior comes into view. It is wielding a trident of venom.
The orc high priest utters an invocation to Beogh.
The orc wizard hits you but does no damage.
The orc sorcerer hits you but does no damage.
The red devil hits you but does no damage.
The orc high priest mumbles some strange prayers to Beogh against you.
Beogh smites you!
You die...

#..# .....
#...######...####
.# #.........o.....
..##...............
...........[.......
..#$.......oo......
#......oo4o.......
#...))oo)o.......
##.....@oo........
#$.....[..3.......
.#.................
...............$...
......#)..$.......
..#...............
...#.........#....
......##....#....
...... ###.#.....


You could see an orc high priest, a ynoxinul, an orc sorcerer, a red devil, 2
orc warriors, 4 orc priests and 3 orc wizards.

Vanquished Creatures
  Gastronok (Lair:3)
  2 fire dragons (Lair:8)
  Josephine (Lair:7)
  Erolcha (Orc:1)
  5 hydras
  6 death yaks (Lair:7)
  3 orc high priests
  An unseen horror (D:11)
  3 orc knights (Orc:1)
  A lindwurm (Lair:8)
  2 hill giants (D:11)
  2 griffons
  A wolf spider (Lair:2)
  2 ugly things
  18 elephants
  2 ice statues (IceCv)
  7 black mambas
  Psyche (D:9)
  A gargoyle (D:10)
  5 torpor snails (Lair:8)
  12 spiny frogs
  7 komodo dragons
  A kobold demonologist (D:11)
  2 rime drakes
  11 ice devils (IceCv)
  A jumping spider (Lair:5)
  2 trolls
  A polar bear (Lair:7)
  3 giant leeches (Lair:8)
  7 blink frogs
  Prince Ribbit (Lair:2)
  2 slime creatures (Lair:7)
  3 wraiths (Lair:7)
  A redback (Lair:5)
  32 yaks
  2 wyverns
  2 hungry ghosts
  7 hippogriffs
  4 steam dragons
  3 basilisks (Lair:8)
  2 mottled dragons (Lair:8)
  3 wargs
  11 water moccasins
  13 porcupines
  An ice beast (D:9)
  3 wasps (Lair:8)
  4 black bears
  A sky beast (D:12)
  An eye of draining (D:9)
  12 orc warriors
  A phantom (D:4)
  7 wolves
  4 ogres
  6 centaurs
  28 crocodiles
  A big kobold (D:12)
  13 giant frogs
  A scorpion (D:11)
  12 wights
  10 killer bees
  An electric eel (D:10)
  16 howler monkeys
  3 centaur zombies
  3 crimson imps
  A quasit (D:6)
  14 orc priests
  17 orc wizards
  2 giant frog zombies
  5 hounds
  3 giant frog skeletons
  3 jellies
  4 centaur skeletons
  13 iguanas
  6 worker ants
  3 hell rats (Lair:7)
  16 sheep (Lair:4)
  A hound zombie (D:6)
  A worker ant zombie (D:5)
  A howler monkey skeleton (D:6)
  6 gnolls (D:6)
  79 river rats
  21 adders
  3 shadow imps
  11 white imps (IceCv)
  6 ufetubi (IceCv)
  An adder zombie (D:10)
  3 adder skeletons
  22 worms
  2 dart slugs
  16 giant geckos
  30 orcs
  3 ball pythons
  4 giant cockroaches
  11 goblins
  7 hobgoblins
  28 jackals
  2 quokkas
  5 bats
  14 giant newts
  18 kobolds
  14 rats
  A bush (Lair:7)
  A plant (Lair:8)
724 creatures vanquished.

Vanquished Creatures (collateral kills)
  A yak (Lair:6)
1 creature vanquished.

Vanquished Creatures (others)
  2 river rats (Lair:8)
  22 fungi
  26 plants
50 creatures vanquished.

Grand Total: 775 creatures vanquished

Notes
Turn   | Place    | Note
--------------------------------------------------------------
     0 | D:1      | Inkary the Minotaur Monk began the quest for the Orb.
     0 | D:1      | Reached XP level 1. HP: 19/19 MP: 0/0
   260 | D:1      | Reached XP level 2. HP: 22/27 MP: 1/1
   319 | D:1      | Reached skill level 1 in Armour
  1052 | D:2      | Found an iron altar of Okawaru.
  1109 | D:2      | Reached XP level 3. HP: 33/33 MP: 2/2
  1136 | D:2      | Became a worshipper of Warmaster Okawaru
  1136 | D:2      | Reached * piety under Okawaru
  1136 | D:2      | Reached ** piety under Okawaru
  1241 | D:2      | Reached skill level 2 in Armour
  1356 | D:2      | Reached XP level 4. HP: 38/40 MP: 3/3
  2647 | D:3      | Reached XP level 5. HP: 47/47 MP: 4/4
  2648 | D:3      | Found a snail-covered altar of Cheibriados.
  2731 | D:4      | Reached skill level 5 in Unarmed Combat
  2779 | D:4      | Found a bloodstained altar of Trog.
  2837 | D:4      | Reached skill level 3 in Armour
  2945 | D:4      | Noticed a phantom
  2965 | D:4      | Killed a phantom
  2965 | D:4      | Reached skill level 5 in Fighting
  2965 | D:4      | Reached XP level 6. HP: 47/56 MP: 2/5
  3470 | D:4      | Found a glowing silver altar of Zin.
  3492 | D:5      | Entered Level 5 of the Dungeon
  3557 | D:5      | Found a glowing golden altar of the Shining One.
  3713 | D:5      | Reached skill level 4 in Armour
  3848 | D:5      | Reached skill level 5 in Dodging
  3925 | D:5      | Reached XP level 7. HP: 50/62 MP: 6/6
  4305 | D:6      | Found a shadowy altar of Dithmenos.
  4311 | D:6      | Reached *** piety under Okawaru
  4353 | D:6      | Reached skill level 1 in Throwing
  4353 | D:6      | Reached skill level 5 in Armour
  4562 | D:6      | Noticed a hungry ghost
  4577 | D:6      | Killed a hungry ghost
  4577 | D:6      | Reached XP level 8. HP: 64/71 MP: 5/7
  4584 | D:6      | Found a white marble altar of Elyvilon.
  4632 | D:6      | Found Weocwi's Jewellery Shoppe.
  4638 | D:6      | Bought a ring of Mischush {MR+ Dex+3} for 311 gold pieces
  4642 | D:6      | Found an opulent altar of Gozag.
  4795 | D:6      | Found a staircase to the Ecumenical Temple.
  4817 | Temple   | Entered the Ecumenical Temple
  5130 | D:7      | Found a burning altar of Makhleb.
  5150 | D:7      | Reached skill level 6 in Armour
  5230 | D:7      | Reached **** piety under Okawaru
  5246 | D:7      | Identified a scroll of acquirement
  5389 | D:7      | Found a deep blue altar of Sif Muna.
  5538 | D:7      | Reached skill level 7 in Armour
  5765 | D:7      | Reached XP level 9. HP: 74/81 MP: 6/8
  5884 | D:8      | Found a blossoming altar of Fedhas.
  6360 | D:9      | Reached skill level 1 in Invocations
  6369 | D:9      | Found an ancient bone altar of Kikubaaqudgha.
  6370 | D:9      | Noticed Psyche
  6376 | D:9      | Killed Psyche
  6376 | D:9      | Reached skill level 8 in Armour
  6400 | D:9      | Found a radiant altar of Vehumet.
  6564 | D:9      | Found a stormy altar of Qazlal.
  6695 | D:9      | Found Mudopseps's General Store.
  6740 | D:9      | Received a gift from Okawaru
  6787 | D:9      | Bought a scroll of identify for 30 gold pieces
  6787 | D:9      | Bought a potion of curing for 45 gold pieces
  6870 | D:9      | Noticed a troll
  6883 | D:9      | Killed a troll
  7060 | D:9      | Got a faintly humming chain mail
  7071 | D:9      | Identified the +5 chain mail of True Grit {+Blink MR- Regen+ Str+7} (You found it on level 9 of the Dungeon)
  7146 | D:10     | Entered Level 10 of the Dungeon
  7374 | D:10     | Received a gift from Okawaru
  7449 | D:10     | Reached XP level 10. HP: 92/92 MP: 8/11
  7453 | D:10     | Reached ***** piety under Okawaru
  7486 | D:10     | Noticed a gargoyle
  7494 | D:10     | Killed a gargoyle
  7494 | D:10     | Reached skill level 9 in Armour
  7525 | D:10     | Reached skill level 10 in Fighting
  7561 | D:10     | Reached skill level 1 in Shields
  7566 | D:10     | Found a staircase to the Lair.
  8157 | D:11     | Noticed a hill giant
  8160 | D:11     | Noticed a hill giant
  8166 | D:11     | Killed a hill giant
  8166 | D:11     | Reached skill level 10 in Armour
  8172 | D:11     | Killed a hill giant
  8303 | D:11     | Reached skill level 10 in Dodging
  8303 | D:11     | Reached skill level 5 in Shields
  8308 | D:11     | Received a gift from Okawaru
  8309 | D:11     | Got a polished hand crossbow {god gift}
  8397 | D:11     | Noticed a sixfirhy
  8399 | D:11     | Reached XP level 11. HP: 101/101 MP: 10/13
  8482 | D:11     | Noticed a brown ugly thing
  8493 | D:11     | Killed a brown ugly thing
  8625 | D:11     | Found a staircase to the Orcish Mines.
  8763 | D:11     | Killed an unseen horror
  8869 | D:11     | Found Wyr Ruig's General Store.
  8877 | D:11     | Bought a scroll of identify for 34 gold pieces
  9147 | D:6      | Bought an uncursed amulet of regeneration for 330 gold pieces
  9242 | D:12     | Found an ancient bone altar of Kikubaaqudgha.
  9260 | D:12     | Reached skill level 1 in Evocations
  9264 | D:12     | Gained mutation: Your mind is acute. (Int +2) [mutagenic meat]
  9265 | D:12     | Gained mutation: Armour fits poorly on your strangely shaped body. [mutagenic meat]
  9266 | D:12     | Gained mutation: Your flesh is heat resistant. [mutagenic meat]
  9270 | D:12     | Gained mutation: Your system is resistant to poisons. [mutagenic meat]
  9271 | D:12     | Gained mutation: You can translocate small distances at will. [mutagenic meat]
  9280 | D:12     | Noticed a cyan ugly thing
  9288 | D:12     | Reached skill level 11 in Armour
  9299 | D:12     | Killed a cyan ugly thing
  9299 | D:12     | Received a gift from Okawaru
  9554 | Lair:1   | Entered Level 1 of the Lair of Beasts
  9591 | Lair:1   | Received a gift from Okawaru
  9708 | Lair:1   | Gained mutation: You are somewhat resistant to further mutation. [potion of mutation]
 10208 | Lair:2   | Noticed Prince Ribbit
 10214 | Lair:2   | Killed Prince Ribbit
 10503 | Lair:2   | Noticed a wolf spider
 10529 | Lair:2   | Killed a wolf spider
 10529 | Lair:2   | Reached XP level 12. HP: 95/113 MP: 12/14
 10841 | Lair:2   | Reached skill level 12 in Armour
 11064 | Lair:3   | Reached skill level 5 in Invocations
 11203 | Lair:3   | Noticed a six-headed hydra
 11213 | Lair:3   | Killed a six-headed hydra
 11312 | Lair:3   | Noticed Gastronok
 11329 | Lair:3   | Killed Gastronok
 11329 | Lair:3   | Received a gift from Okawaru
 11928 | Lair:4   | Received a gift from Okawaru
 11952 | Lair:4   | Reached skill level 13 in Armour
 12020 | Lair:4   | Learned a level 1 spell: Summon Small Mammal
 12275 | Lair:4   | Noticed a four-headed hydra
 12282 | Lair:4   | Killed a four-headed hydra
 12683 | Lair:5   | Found a frozen archway.
 12696 | IceCv    | Entered an ice cave
 12856 | IceCv    | Received a gift from Okawaru
 12856 | IceCv    | Reached XP level 13. HP: 119/119 MP: 9/16
 12949 | IceCv    | Got a pair of faintly humming gloves
 12960 | IceCv    | Identified the +2 pair of gloves of Cimosuyg {rElec Str+4 Dex+3} (You found it in an ice cave)
 13157 | Lair:5   | Found a hole to the Spider Nest.
 13420 | Lair:5   | Reached skill level 14 in Armour
 13480 | Lair:5   | Found an oddly glowing altar of Pakellas.
 14101 | Lair:6   | Found a staircase to the Shoals.
 14179 | Lair:6   | Received a gift from Okawaru
 14522 | Lair:7   | Received a gift from Okawaru
 14538 | Lair:7   | Got a jewelled quarterstaff {god gift}
 14539 | Lair:7   | Identified the +0 quarterstaff "Suolapsi" {drain, rPois rC+ Str+4} (Okawaru gifted it to you on level 7 of the Lair of Beasts)
 14617 | Lair:7   | Found a staircase to the Slime Pits.
 14618 | Lair:7   | Found a viscous altar of Jiyva.
 14886 | Lair:7   | Noticed Josephine
 14904 | Lair:7   | Killed Josephine
 15061 | Lair:7   | Reached skill level 10 in Unarmed Combat
 15064 | Lair:7   | Reached skill level 5 in Throwing
 15414 | Slime:1  | Entered Level 1 of the Pits of Slime
 15621 | Lair:8   | Entered Level 8 of the Lair of Beasts
 15684 | Lair:8   | Reached XP level 14. HP: 124/127 MP: 11/17
 15724 | Lair:8   | Reached skill level 15 in Armour
 15779 | Lair:8   | Received a gift from Okawaru
 16121 | Lair:8   | Found a runed door.
 16480 | Lair:8   | Received a gift from Okawaru
 17021 | Orc:1    | Entered Level 1 of the Orcish Mines
 17021 | Orc:1    | Noticed Erolcha
 17026 | Orc:1    | Killed Erolcha
 17125 | Orc:2    | Entered Level 2 of the Orcish Mines
 17404 | Orc:2    | Received a gift from Okawaru
 17471 | Orc:2    | Paralysed by an orc sorcerer for 6 turns
 17475 | Orc:2    | Killed from afar by an orc high priest

Skill      XL: |  1  2  3  4  5  6  7  8  9 10 11 12 13 14 |
---------------+-------------------------------------------+-----
Armour         | 1 2 3 4 5 7 8 10 11 13 14 15 | 15.3
Fighting       | 4 5 6 8 9 10 12 | 12.6
Dodging        | 4 5 6 7 8 10 11 12 | 12.3
Unarmed Combat | 5 6 7 11 13 | 13.5
Throwing       | 2 3 5 |  5.7
Invocations    | 3 4 6 |  6.4
Shields        | 5 6 7 9 |  9.1
Evocations     | 3 4 |  4.0
Stealth        | |  1.5

Action                   |  1- 3 |  4- 6 |  7- 9 | 10-12 | 13-15 || total
-------------------------+-------+-------+-------+-------+-------++-------
Melee: Unarmed           |    90 |   198 |   323 |   772 |   725 ||  2108
       Headbutt          |    10 |    43 |    93 |   272 |   274 ||   692
       Punch             |     4 |     3 |     4 |    48 |    63 ||   122
Throw: Javelin           |       |       |    18 |     1 |    15 ||    34
       Throwing net      |       |       |     1 |     1 |       ||     2
Invok: Heroism           |       |     4 |    16 |    31 |    21 ||    72
       Finesse           |       |       |       |     7 |    11 ||    18
Evoke: Deck              |       |       |       |     1 |       ||     1
       Phantom mirror    |       |       |       |       |     1 ||     1
  Use: Scroll            |       |     8 |    14 |     7 |     4 ||    33
       Potion            |       |       |       |     2 |       ||     2
 Stab: Sleeping          |     2 |       |       |       |       ||     2
       Held in net/web   |       |       |     1 |       |       ||     1
       Distracted        |       |       |       |       |     1 ||     1
  Eat: Chunk             |     1 |     9 |    13 |    20 |    17 ||    60
       Royal jelly       |       |       |     1 |       |       ||     1
       Fruit             |       |       |     1 |       |       ||     1
       Meat ration       |       |       |       |     1 |       ||     1
       Beef jerky        |       |       |       |     1 |     1 ||     2
Armor: Robe              |    10 |       |       |       |       ||    10
       Chain mail        |    14 |   110 |   165 |   322 |   191 ||   802
       Crystal plate arm |       |       |       |       |     1 ||     1
Dodge: Dodged            |    47 |    68 |   192 |   610 |   515 ||  1432
Block: Shield            |       |       |       |    12 |    45 ||    57
